 Dungeon Crawl Stone Soup version 0.29.1-15-g9cfb28693d (webtiles) character file.

Game seed: 7788835992079816413

7 javelincjr the Magician (level 1, -1/14 HPs)
             Began as a Demonspawn Hedge Wizard on Apr 6, 2023.
             Was an Initiate of Ashenzari.
             Slain by a rat (3 damage)
             ... on level 1 of the Dungeon.
             The game lasted 00:03:10 (202 turns).

javelincjr the Magician (Demonspawn Hedge Wizard)    Turns: 202, Time: 00:03:10

Health: -1/14      AC:  2    Str: 10    XL:     1   Next: 83%
Magic:  0/4        EV: 12    Int: 15    God:    Ashenzari [......]
Gold:   9          SH:  0    Dex: 12    Spells: 5/6 levels left

rFire   . . .      SeeInvis .   a - +0 dagger
rCold   . . .      Faith    .   (no shield)
rNeg    . . .      Spirit   .   b - +0 robe
rPois   .          Reflect  .   c - +0 hat
rElec   .          Harm     .   (no cloak)
rCorr   .          Rampage  .   (no gloves)
Will    .....                   (no boots)
Stlth   ++........              (no amulet)
HPRegen 0.04/turn               (no ring)
MPRegen 0.09/turn               (no ring)

@: no status effects
A: no striking features
a: Renounce Religion, Curse Item


You were on level 1 of the Dungeon.
You worshipped Ashenzari.
Ashenzari was noncommittal.
You visited 1 branch of the dungeon, and saw 1 of its levels.

You collected 9 gold pieces.

Inventory:

Hand Weapons
 a - a +0 dagger (weapon)
Armour
 b - a +0 robe (worn)
 c - a +0 hat (worn)
Scrolls
 f - a scroll of identify {unknown}
 g - a scroll of poison {unknown}
Potions
 d - a potion of magic
 e - a potion of cancellation {unknown}


   Skills:
 * Level 0.3 Fighting
 + Level 0.1 Armour
 + Level 1.8 Dodging
 - Level 1.7 Stealth
 * Level 3.1 Spellcasting
 + Level 1.1 Conjurations
 + Level 1.1 Summonings
 + Level 1.0 Translocations


You had 5 spell levels left.
You knew the following spells:

 Your Spells              Type           Power      Damage    Failure   Level
a - Magic Dart            Conj           20%        1d4       13%         1

Your spell library contained the following spells:

 Spells                   Type           Power      Damage    Failure   Level
 Call Imp                 Summ           5%         N/A       19%         2
 Slow                     Hex            8%         N/A       21%         1
 Blink                    Tloc           10%        N/A       21%         2
 Conjure Flame            Conj/Fire      4%         6-21      43%         3
 Mephitic Cloud           Conj/Pois/Air  3%         N/A       45%         3


Dungeon Overview and Level Annotations

Branches:
Dungeon (1/15)

Altars:
Ashenzari


Message History

Your magical contamination has completely faded away.
No target in view!
You are out of magic!
A rat comes into view.
Found a scale mail.
The rat closely misses you.
Found 2 scrolls labelled FEETHR GUBEOM and a scroll labelled HUN QOEDOMIP.
The rat bites you but does no damage.
A goblin comes into view. It is wielding a +0 dagger.
The goblin shouts!
The rat attacks as you move away! The rat bites you but does no damage.
The goblin hits you but does no damage.
You closely miss the goblin. The rat closely misses you.
The goblin hits you with a +0 dagger.
You hit the goblin.
The goblin is heavily wounded.
The rat closely misses you. The goblin hits you with a +0 dagger.
You barely miss the goblin.
The goblin is heavily wounded.
The rat closely misses you. The goblin hits you with a +0 dagger.
You hit the goblin but do no damage.
The goblin is heavily wounded.
The rat bites you.
* * * LOW HITPOINT WARNING * * *
The goblin hits you with a +0 dagger.
* * * LOW HITPOINT WARNING * * *
You are too injured to fight recklessly!
You are too injured to fight recklessly!
Casting: Magic Dart (safe; 13% risk of failure)
Confirm with . or Enter, or press ? or * to list all spells.
Aiming: Magic Dart (safe; 13% risk of failure)
Press: ? - help, Shift-Dir - straight line, f - goblin
Aim: a goblin, wielding a +0 dagger (heavily wounded, 100% to hit)
The magic dart hits the goblin.
The goblin is severely wounded.
The rat misses you. The goblin completely misses you.
You hit the goblin but do no damage.
The goblin is severely wounded.
The rat bites you.
You die...

#....... ## #####.......
.. ...........# .##
..#........# ..#
...........# ..
....#....###
##.###.........# #
##g.#).##..##..## .
###.@#$##.#.###..###.
...#...r# ##.#.#....#...
........##.?#...........
.........[###...........
...(....................
...........>..._#.......
.?...........)..........
........................
...............##...####


You could see a goblin and a rat.

Vanquished Creatures
  3 endoplasms (D:1)
  A quokka (D:1)
  A kobold (D:1)
  A rat (D:1)
6 creatures vanquished.

Notes
Turn   | Place    | Note
-------+----------+-------------------------------------------
     0 | D:1      | javelincjr the Demonspawn Hedge Wizard began the quest for
                  | the Orb.
     0 | D:1      | Reached XP level 1. HP: 13/13 MP: 4/4
    88 | D:1      | Found a faded altar of an unknown god.
   101 | D:1      | Reached skill level 1 in Translocations
   102 | D:1      | Prayed at the altar of an unknown god.
   102 | D:1      | Became a worshipper of Ashenzari the Shackled
   202 | D:1      | Slain by a rat

Illustrated notes

Levels and vault maps discovered:
D:1:      minmay_arrival_semitransparent, layout_rooms, basic_ecumenical_altar,
          minmay_tetromino_l4

Skill      XL: |  1 |
---------------+----+-----
Translocations | 1 |  1.0
Fighting       | |  0.3
Armour         | |  0.1
Dodging        | |  1.8
Stealth        | |  1.7
Spellcasting   | |  3.1
Conjurations   | |  1.1
Summonings     | |  1.1

Action                   || total
-------------------------++-------
Melee: Dagger            ||    11
 Cast: Magic Dart        ||    10
Armor: Robe              ||     3
Dodge: Dodged            ||     8
